[ AOE2 MATCH · #505876540 ]
UnrankedSlavs vs Cumans
Player's team · LOSS
Rival team · WIN
[ REPLAY ANALYSIS · EXTRACTED FROM THE RECORDED GAME ]
Feudal
11:00
Castle
20:23
Imperial
—
| APM avg | 67.2 |
| APM peak | 98 |
| eAPM avg | 26.4 |
| Villagers / military | 105 / 64 |
Focus
⚔️ 40.2% · 🌾 59.8%
Militia ×29 · Skirmisher ×29 · Battering Ram ×4 · Mangonel ×2
Feudal
8:29
Castle
21:44
Imperial
32:56
| APM avg | 71.5 |
| APM peak | 129 |
| eAPM avg | 30.5 |
| Villagers / military | 119 / 53 |
Focus
⚔️ 32.4% · 🌾 67.6%
Kipchak ×22 · Archer ×12 · Knight ×9 · Scout Cavalry ×4 · Skirmisher ×2 · Trebuchet (Packed) ×2
Match map
Initial resources + every placement click. Lines = walls · curves = elevation contours. ◆ gold · ⬟ stone · ● berries · ✦ relic · ◌ wall gap
Your base· Open — 3t gap
RiffRaff's base· Open — 1t gap
Smoothed initial terrain · ◌ = detected wall gap · hover for details
Inputs per minute
— KryptixXL - - RiffRaff
Build order — KryptixXL
First 150 of 258 actions detected
| 0:01 | Build | House |
| 0:03 | Build | House |
| 0:05 | Queue | Villager (Male) ×4 |
| 0:05 | Queue | Villager (Male) ×4 |
| 1:24 | Queue | Villager (Male) |
| 1:39 | Queue | Villager (Male) |
| 1:39 | Queue | Villager (Male) |
| 1:53 | Build | Lumber Camp |
| 2:06 | Queue | Villager (Male) |
| 2:06 | Queue | Villager (Male) |
| 2:30 | Queue | Villager (Male) |
| 2:30 | Queue | Villager (Male) |
| 3:07 | Queue | Villager (Male) |
| 3:13 | Queue | Villager (Male) |
| 3:13 | Queue | Villager (Male) |
| 3:30 | Queue | Villager (Male) |
| 3:30 | Queue | Villager (Male) |
| 3:30 | Queue | Villager (Male) |
| 3:55 | Build | House |
| 3:56 | Build | House |
| 3:59 | Queue | Villager (Male) |
| 4:11 | Queue | Villager (Male) |
| 4:11 | Queue | Villager (Male) |
| 5:06 | Queue | Villager (Male) |
| 5:17 | Build | Mining Camp |
| 5:19 | Queue | Villager (Male) |
| 5:54 | Queue | Villager (Male) |
| 6:16 | Queue | Villager (Male) |
| 6:16 | Queue | Villager (Male) |
| 6:23 | Build | Barracks |
| 6:52 | Queue | Villager (Male) |
| 7:26 | Research | Loom |
| 7:45 | Queue | Militia |
| 7:45 | Queue | Militia |
| 7:45 | Queue | Militia |
| 7:49 | Queue | Villager (Male) |
| 7:57 | Build | Mill |
| 8:10 | Queue | Militia |
| 8:20 | Queue | Villager (Male) |
| 8:40 | Research | Feudal Age |
| 8:51 | Queue | Militia |
| 9:14 | Queue | Militia |
| 9:23 | Build | House |
| 9:38 | Queue | Militia |
| 10:01 | Build | House |
| 10:02 | Queue | Militia |
| 10:20 | Queue | Villager (Male) |
| 11:00 | Age | Feudal Age |
| 11:02 | Research | Man-at-Arms (upgrade) |
| 11:30 | Build | Farm |
| 11:30 | Queue | Militia |
| 11:37 | Build | Stable |
| 11:40 | Research | Horse Collar |
| 11:45 | Queue | Villager (Male) |
| 11:57 | Queue | Militia |
| 12:14 | Queue | Villager (Male) |
| 12:25 | Queue | Villager (Male) |
| 12:43 | Build | Farm |
| 12:59 | Research | Double-Bit Axe |
| 13:03 | Queue | Villager (Male) |
| 13:03 | Queue | Villager (Male) |
| 13:15 | Queue | Militia |
| 13:30 | Queue | Villager (Male) |
| 13:30 | Queue | Villager (Male) |
| 13:44 | Queue | Militia |
| 13:44 | Queue | Militia |
| 13:54 | Queue | Militia |
| 14:00 | Build | Archery Range |
| 14:31 | Queue | Villager (Male) |
| 14:32 | Queue | Villager (Male) |
| 14:51 | Queue | Villager (Male) |
| 15:00 | Build | Farm |
| 15:01 | Queue | Skirmisher |
| 15:03 | Build | House |
| 15:04 | Build | House |
| 15:11 | Build | Farm |
| 15:12 | Build | Farm |
| 15:12 | Build | Farm |
| 15:12 | Build | Farm |
| 15:12 | Build | Farm |
| 15:12 | Build | Farm |
| 15:12 | Build | Farm |
| 15:24 | Queue | Skirmisher |
| 15:29 | Build | Farm |
| 15:29 | Queue | Villager (Male) |
| 15:52 | Build | Farm |
| 16:08 | Build | Farm |
| 16:08 | Queue | Villager (Male) |
| 16:23 | Build | Farm |
| 16:33 | Queue | Skirmisher |
| 16:52 | Queue | Villager (Male) |
| 17:09 | Build | Blacksmith |
| 17:40 | Queue | Skirmisher |
| 17:42 | Queue | Villager (Male) |
| 17:43 | Research | Castle Age |
| 17:49 | Build | Farm |
| 18:10 | Queue | Skirmisher |
| 18:15 | Research | Fletching |
| 18:34 | Queue | Skirmisher |
| 18:34 | Queue | Skirmisher |
| 18:47 | Build | Barracks |
| 18:49 | Queue | Militia |
| 18:49 | Queue | Militia |
| 18:55 | Research | Padded Archer Armor |
| 19:08 | Queue | Skirmisher |
| 19:11 | Queue | Skirmisher |
| 19:21 | Research | Stone Mining |
| 19:23 | Research | Gold Mining |
| 19:34 | Queue | Militia |
| 19:48 | Queue | Militia |
| 19:48 | Queue | Militia |
| 19:53 | Queue | Villager (Male) |
| 20:02 | Queue | Villager (Male) |
| 20:23 | Age | Castle Age |
| 20:26 | Build | Siege Workshop |
| 20:35 | Research | Elite Skirmisher (upgrade) |
| 20:36 | Queue | Villager (Male) |
| 20:36 | Queue | Villager (Male) |
| 21:05 | Queue | Skirmisher |
| 21:06 | Queue | Villager (Male) |
| 21:06 | Queue | Villager (Male) |
| 21:19 | Queue | Skirmisher |
| 21:31 | Queue | Villager (Male) |
| 21:32 | Queue | Villager (Male) |
| 21:32 | Queue | Skirmisher |
| 21:33 | Queue | Skirmisher |
| 21:35 | Queue | Mangonel |
| 21:37 | Queue | Battering Ram |
| 21:37 | Queue | Battering Ram |
| 21:40 | Research | Long Swordsman (upgrade) |
| 21:42 | Queue | Villager (Male) |
| 21:51 | Research | Scale Mail Armor |
| 21:53 | Queue | Villager (Male) |
| 22:00 | Queue | Skirmisher |
| 22:26 | Queue | Battering Ram |
| 22:28 | Queue | Skirmisher |
| 22:35 | Queue | Villager (Male) |
| 22:35 | Queue | Villager (Male) |
| 22:51 | Queue | Skirmisher |
| 23:16 | Research | Chain Mail Armor |
| 23:17 | Queue | Villager (Male) |
| 23:17 | Queue | Villager (Male) |
| 23:25 | Build | House |
| 23:26 | Build | House |
| 23:33 | Queue | Skirmisher |
| 23:33 | Queue | Skirmisher |
| 23:35 | Queue | Villager (Male) |
| 23:35 | Queue | Villager (Male) |
| 23:38 | Build | House |
| 23:39 | Build | House |
Build order — RiffRaff
First 150 of 315 actions detected
| 0:00 | Queue | Villager (Male) |
| 0:02 | Build | House |
| 0:03 | Build | House |
| 0:28 | Queue | Villager (Male) |
| 0:28 | Queue | Villager (Male) |
| 0:28 | Queue | Villager (Male) |
| 1:32 | Queue | Villager (Male) |
| 1:32 | Queue | Villager (Male) |
| 1:58 | Queue | Villager (Male) |
| 2:30 | Queue | Villager (Male) |
| 2:36 | Queue | Villager (Male) |
| 3:00 | Build | Lumber Camp |
| 3:17 | Queue | Villager (Male) |
| 3:21 | Queue | Villager (Male) |
| 3:36 | Queue | Villager (Male) |
| 4:07 | Build | House |
| 4:08 | Build | House |
| 4:10 | Build | House |
| 4:35 | Queue | Villager (Male) |
| 4:36 | Queue | Villager (Male) |
| 5:16 | Queue | Villager (Male) |
| 5:40 | Build | Mining Camp |
| 5:44 | Queue | Villager (Male) |
| 6:19 | Research | Feudal Age |
| 7:47 | Research | Loom |
| 7:58 | Build | House |
| 7:59 | Build | Palisade Wall |
| 8:05 | Build | Palisade Wall |
| 8:07 | Build | Palisade Wall |
| 8:09 | Build | Palisade Wall |
| 8:29 | Age | Feudal Age |
| 8:33 | Build | Town Center |
| 8:39 | Build | Town Center |
| 8:51 | Queue | Villager (Male) |
| 8:57 | Research | Double-Bit Axe |
| 9:13 | Queue | Villager (Male) |
| 9:40 | Build | Mill |
| 9:42 | Queue | Villager (Male) |
| 10:07 | Queue | Villager (Male) |
| 10:11 | Queue | Villager (Male) |
| 10:37 | Build | Palisade Wall |
| 10:52 | Queue | Villager (Male) |
| 10:54 | Queue | Villager (Male) |
| 11:16 | Research | Horse Collar |
| 11:19 | Queue | Villager (Male) |
| 11:27 | Build | Farm |
| 11:28 | Build | Farm |
| 11:29 | Queue | Villager (Male) |
| 11:36 | Build | Barracks |
| 11:41 | Queue | Villager (Male) |
| 11:56 | Queue | Villager (Male) |
| 12:04 | Queue | Villager (Male) |
| 12:09 | Build | Farm |
| 12:13 | Build | Farm |
| 12:14 | Build | Farm |
| 12:15 | Queue | Villager (Male) |
| 12:37 | Build | Archery Range |
| 12:41 | Build | Farm |
| 12:42 | Queue | Villager (Male) |
| 12:44 | Queue | Villager (Male) |
| 12:55 | Build | House |
| 13:00 | Queue | Villager (Male) |
| 13:05 | Queue | Villager (Male) |
| 13:05 | Queue | Villager (Male) |
| 13:09 | Build | Farm |
| 13:13 | Build | Farm |
| 13:21 | Build | Farm |
| 13:22 | Queue | Villager (Male) |
| 13:22 | Queue | Villager (Male) |
| 13:31 | Queue | Archer |
| 13:39 | Queue | Villager (Male) |
| 13:43 | Build | Farm |
| 13:46 | Queue | Villager (Male) |
| 13:56 | Queue | Archer |
| 14:11 | Build | House |
| 14:25 | Queue | Archer |
| 14:27 | Queue | Villager (Male) |
| 14:37 | Queue | Villager (Male) |
| 14:45 | Queue | Archer |
| 14:47 | Build | Farm |
| 15:02 | Queue | Villager (Male) |
| 15:09 | Queue | Villager (Male) |
| 15:17 | Build | House |
| 15:20 | Build | House |
| 15:26 | Build | Blacksmith |
| 15:33 | Queue | Villager (Male) |
| 15:38 | Build | Lumber Camp |
| 15:53 | Queue | Villager (Male) |
| 16:03 | Research | Fletching |
| 16:04 | Queue | Villager (Male) |
| 16:08 | Queue | Archer |
| 16:26 | Build | Mining Camp |
| 16:29 | Queue | Villager (Male) |
| 16:36 | Queue | Archer |
| 16:39 | Queue | Skirmisher |
| 16:47 | Build | Farm |
| 16:50 | Build | Farm |
| 16:52 | Research | Padded Archer Armor |
| 17:06 | Queue | Villager (Male) |
| 17:06 | Queue | Villager (Male) |
| 17:10 | Research | Stone Mining |
| 17:13 | Build | Stable |
| 17:36 | Queue | Villager (Male) |
| 17:36 | Queue | Villager (Male) |
| 17:39 | Queue | Villager (Male) |
| 17:40 | Build | House |
| 17:44 | Build | Farm |
| 17:48 | Build | Farm |
| 17:55 | Queue | Villager (Male) |
| 17:58 | Build | Market |
| 18:06 | Research | Wheelbarrow |
| 18:14 | Build | House |
| 18:21 | Queue | Archer |
| 18:38 | Queue | Villager (Male) |
| 18:40 | Queue | Villager (Male) |
| 18:42 | Build | House |
| 18:59 | Research | Castle Age |
| 19:12 | Build | Farm |
| 19:21 | Research | Gold Mining |
| 19:34 | Queue | Archer |
| 19:34 | Queue | Archer |
| 19:44 | Queue | Scout Cavalry |
| 19:44 | Queue | Scout Cavalry |
| 19:50 | Build | Farm |
| 19:51 | Build | Farm |
| 19:53 | Build | Farm |
| 19:56 | Build | Farm |
| 20:00 | Build | Farm |
| 20:02 | Build | Farm |
| 20:06 | Queue | Archer |
| 20:19 | Queue | Archer |
| 21:29 | Queue | Villager (Male) |
| 21:29 | Queue | Villager (Male) |
| 21:41 | Queue | Archer |
| 21:44 | Age | Castle Age |
| 21:48 | Research | Crossbowman (upgrade) |
| 21:50 | Research | Bodkin Arrow |
| 21:53 | Queue | Knight |
| 21:54 | Queue | Knight |
| 21:54 | Queue | Villager (Male) |
| 22:01 | Build | Town Center |
| 22:02 | Research | Bow Saw |
| 22:05 | Queue | Villager (Male) |
| 22:07 | Queue | Villager (Male) |
| 22:20 | Queue | Villager (Male) |
| 22:25 | Build | Monastery |
| 22:31 | Queue | Knight |
| 23:03 | Queue | Knight |
| 23:03 | Queue | Villager (Male) |
| 23:03 | Queue | Villager (Male) |
Match timeline
| 6:23 | KryptixXL · first_building Barracks |
| 7:59 | RiffRaff · wall_segment Palisade Wall x1 |
| 8:05 | RiffRaff · wall_segment Palisade Wall x1 |
| 8:07 | RiffRaff · wall_segment Palisade Wall x1 |
| 8:09 | RiffRaff · wall_segment Palisade Wall x1 |
| 8:29 | RiffRaff · age_up feudal |
| 10:37 | RiffRaff · wall_segment Palisade Wall x1 |
| 11:00 | KryptixXL · age_up feudal |
| 11:36 | RiffRaff · first_building Barracks |
| 11:37 | KryptixXL · first_building Stable |
| 12:37 | RiffRaff · first_building Archery Range |
| 14:00 | KryptixXL · first_building Archery Range |
| 17:13 | RiffRaff · first_building Stable |
| 18:52 | RiffRaff · first_market_buy 100 food |
| 20:23 | KryptixXL · age_up castle |
| 20:26 | KryptixXL · first_building Siege Workshop |
| 21:44 | RiffRaff · age_up castle |
| 22:25 | RiffRaff · first_building Monastery |
| 23:16 | RiffRaff · first_building Siege Workshop |
| 23:34 | RiffRaff · first_market_sell 100 wood |
| 23:47 | RiffRaff · first_building Castle |
| 32:56 | RiffRaff · age_up imperial |
| 34:18 | KryptixXL · resign |
[ AI ANALYSIS · 1 CREDIT ]
What really happened in this match?
Wolo.gg analyzes every decision: build order, eco, micro, common mistakes by bracket. Personalized analysis on WhatsApp or Discord in 30 seconds.
Civ guide
Slavs
Perfil
Jugador #15613679